 Dungeon Crawl Stone Soup version 0.26-a0-664-gc8b27b8fc1 (webtiles) character file.

Game seed: 13142670296869045277

746 Notrik the Fighter (level 7, -3/70 HPs)
             Began as a Minotaur Fighter on Oct 13, 2020.
             Slain by an unseen horror (7 damage)
             ... on level 5 of the Dungeon.
             The game lasted 00:07:33 (3959 turns).

Notrik the Fighter (Minotaur Fighter)               Turns: 3959, Time: 00:07:34

Health: -3/70      AC: 13    Str: 23    XL:     7   Next: 48%
Magic:  6/6        EV:  4    Int:  5    God:
Gold:   271        SH:  9    Dex:  9    Spells: 6/6 levels left

rFire    + . .     SeeInvis .   a - +1 long sword
rCold    . . .     Faith    .   c - +0 kite shield
rNeg     . . .     Spirit   .   h - +1 plate armour
rPois    .         Reflect  .   (helmet restricted)
rElec    .         Harm     .   q - +0 cloak
rCorr    .         Rampage  .   (no gloves)
MR       .....                  (no boots)
Stlth    ..........             (no amulet)
HPRegen  0.21/turn              f - +4 ring of slaying (curse)
MPRegen  0.10/turn              i - ring of protection from fire

@: about to teleport, studying Evocations
A: retaliatory headbutt, horns 2
a: no special abilities


You were on level 5 of the Dungeon.
You visited 1 branch of the dungeon, and saw 5 of its levels.

You collected 271 gold pieces.

Inventory:

Hand Weapons
 a - a +1 long sword (weapon)
Armour
 c - a +0 kite shield (worn)
 h - a +1 plate armour (worn)
   (You found it on level 1 of the Dungeon)
 q - a +0 cloak (worn)
   (You found it on level 2 of the Dungeon)
Jewellery
 f - a cursed +4 ring of slaying (left hand)
   (You found it on level 3 of the Dungeon)
 i - a ring of protection from fire (right hand)
   (You found it on level 1 of the Dungeon)
 r - a cursed -4 ring of strength {unknown}
   (You found it on level 4 of the Dungeon)
 s - an uncursed amulet of the acrobat {unknown}
   (You found it on level 4 of the Dungeon)
 v - an uncursed ring of poison resistance {unknown}
   (You found it on level 5 of the Dungeon)
 z - an uncursed ring of see invisible
   (You found it on level 1 of the Dungeon)
Scrolls
 g - 2 scrolls of enchant armour
 j - a scroll of teleportation {@r4}
 l - a scroll of blinking
 m - a scroll of magic mapping
 o - 2 scrolls of remove curse {@r2}
 p - 4 scrolls of identify {@r1}
 t - 2 scrolls of immolation {!r}
 w - a scroll of fear {unknown}
Potions
 b - a potion of curing {unknown}
 d - a potion of might
 e - a potion of haste {@q3}
 k - 2 potions of mutation {!q}
 n - a potion of lignification {!q}
Books
 u - a manual of Evocations {!d}
   (You found it on level 4 of the Dungeon)


   Skills:
 * Level 9.0 Fighting
 + Level 6.1 Long Blades
 - Level 3.6 Armour
 - Level 3.6 Shields


You had 6 spell levels left.
You didn't know any spells.
Your spell library contained the following spells:

 Spells                   Type           Power        Failure   Level
 Corona                   Hex            #......      100%        1
 Ensorcelled Hibernation  Hex/Ice        #.....       100%        2
 Confusing Touch          Hex            #.......     100%        3
 Dazzling Flash           Conj/Hex       #.....       100%        3
 Tukima's Dance           Hex            #.......     100%        3


Dungeon Overview and Level Annotations

Branches:
Dungeon (5/15)
 Temple: D:4-7

Altars:
Cheibriados
Gozag
Makhleb
Ru
Xom
Zin
The Shining One


Innate Abilities, Weirdness & Mutations

You reflexively headbutt those who attack you in melee.
You have a pair of horns on your head.


Message History

Something hits you!
You hit something but do no damage. You headbutt something.
Something hits you but does no damage. Something hits you.
* * * LOW HITPOINT WARNING * * *
You slash something! You headbutt something. Something hits you.
* * * LOW HITPOINT WARNING * * *
Something hits you but does no damage. Something hits you but does no damage.
Something hits you but does no damage.
You closely miss something. Something hits you but does no damage.
Something hits you but does no damage. You block something's attack.
You hit something. Your headbutt misses something.
You block something's attack. You block something's attack. Something hits you.
* * * LOW HITPOINT WARNING * * *
You closely miss something. Something hits you but does no damage.
Something hits you but does no damage.
You miss something. Something hits you but does no damage.
You block something's attack. Something hits you.
* * * LOW HITPOINT WARNING * * *
You slash something! Something hits you but does no damage.
Something hits you but does no damage. Something hits you but does no damage.
You block something's attack. Something hits you but does no damage.
Something hits you but does no damage. Something hits you.
* * * LOW HITPOINT WARNING * * *
Something hits you!
* * * LOW HITPOINT WARNING * * *
You hit something. You headbutt something.
Something hits you but does no damage. Something hits you.
* * * LOW HITPOINT WARNING * * *
Something hits you but does no damage.
As you read the scroll of teleportation {@r4}, it crumbles to dust.
You feel strangely unstable. Something hits you!
* * * LOW HITPOINT WARNING * * *
Something hits you!
You die...

#.........########
#.......# #......
#.......# #......
#.......####......
#.......'..#......
#.......##.#......
#.####'###.#......
#.# #.# #.'...#..
#@# #.# ###......
#{# #.# #......
#.####.# #.....(
#......# #.....(
#..##### #......
#....# #......
#.##.# #######
#.##.# # #....# #


There were no monsters in sight!

Vanquished Creatures
  The ghost of Kinoniko the Skirmisher, an amateur OgBe of Trog (D:4)
  A centaur (D:5)
  2 hounds (D:4)
  An orc wizard (D:4)
  2 iguanas
  4 worker ants
  8 adders
  A white imp (D:5)
  An ufetubus (D:5)
  An ooze (D:3)
  2 worms
  4 dart slugs
  4 leopard geckos
  3 orcs (D:4)
  7 giant cockroaches
  9 goblins
  10 hobgoblins
  5 kobolds
  2 quokkas
  A ball python (D:3)
  2 bats
  6 frilled lizards
  A quokka skeleton (D:4)
  9 rats
87 creatures vanquished.

Notes
Turn   | Place    | Note
-------+----------+-------------------------------------------
     0 | D:1      | Notrik the Minotaur Fighter began the quest for the Orb.
     0 | D:1      | Reached XP level 1. HP: 19/19 MP: 0/0
   224 | D:1      | Reached skill level 4 in Fighting
   334 | D:1      | Reached XP level 2. HP: 27/27 MP: 1/1
   612 | D:1      | Reached XP level 3. HP: 34/34 MP: 2/2
  1204 | D:2      | Reached skill level 5 in Fighting
  1406 | D:2      | Found a sacrificial altar of Ru.
  1609 | D:2      | Reached XP level 4. HP: 36/42 MP: 3/3
  1671 | D:2      | Found an iron altar of Okawaru.
  1673 | D:2      | Found a white marble altar of Elyvilon.
  1673 | D:2      | Found a shimmering altar of Xom.
  1677 | D:2      | Found a glowing golden altar of the Shining One.
  1677 | D:2      | Found an iron altar of Okawaru.
  1677 | D:2      | Found a broken altar of Ashenzari.
  2377 | D:3      | Found a glowing silver altar of Zin.
  2377 | D:3      | Found an opulent altar of Gozag.
  2585 | D:3      | Found a snail-covered altar of Cheibriados.
  2623 | D:4      | Reached skill level 6 in Fighting
  2627 | D:4      | Reached XP level 5. HP: 39/50 MP: 4/4
  2781 | D:4      | Found a burning altar of Makhleb.
  2922 | D:4      | Reached skill level 7 in Fighting
  2948 | D:4      | Found a glowing golden altar of the Shining One.
  3007 | D:4      | Reached XP level 6. HP: 60/60 MP: 5/5
  3054 | D:4      | Found a runed translucent door.
  3059 | D:4      | Noticed Kinoniko's ghost (amateur OgBe)
  3281 | D:4      | Killed Kinoniko's ghost
  3281 | D:4      | Reached skill level 8 in Fighting
  3281 | D:4      | Reached skill level 5 in Long Blades
  3281 | D:4      | Reached XP level 7. HP: 25/69 MP: 6/6
  3550 | D:5      | Entered Level 5 of the Dungeon
  3847 | D:5      | Reached skill level 9 in Fighting
  3959 | D:5      | Slain by an unseen horror

Illustrated notes

Levels and vault maps discovered:
D:1:      mainiacjoe_arrival_reflecting_pool, layout_loops_ring
D:2:      layout_basic, nicolae_ru_sacrificial_ziggurat, doesnt_xom_only_xom
D:3:      layout_loops_ring, grunt_temple_overflow_gold_and_silver,
          cheibriados_altar_1
D:4:      layout_rooms, tso_oasis_becter, ebering_ghost_inner_flame,
          makhleb_blood_cavern_becter
D:5:      layout_basic, overflow_temple_1_default, grunt_temple_overflow_open,
          minmay_temple_entry_trees, kennysheep_generic_room_2

Skill      XL: |  1  2  3  4  5  6  7 |
---------------+----------------------+-----
Fighting       | 4 5 6 7 8 9 |  9.0
Long Blades    | 3 4 5 6 |  6.1
Armour         | |  3.6
Shields        | |  3.6

Action                   |  1- 3 |  4- 6 |  7- 9 || total
-------------------------+-------+-------+-------++-------
Melee: Long sword        |   117 |    92 |    36 ||   245
       Headbutt          |    20 |    16 |     8 ||    44
  Use: Scroll            |       |    10 |     1 ||    11
Armor: Scale mail        |    29 |       |       ||    29
       Plate armour      |    17 |    46 |    45 ||   108
Dodge: Dodged            |    17 |    22 |     2 ||    41
Block: Kite shield       |    59 |    33 |    25 ||   117
       Rpst.: Long sword |     1 |     5 |       ||     6

Table legend: (Time is in decaauts)
 A = Elapsed time spent in this place.
 B = Non-inter-level travel time spent in this place.
 C = Inter-level travel time spent in this place.
 D = Time resting spent in this place.
 E = Time spent auto-exploring this place.
 F = Levels seen in this place.
 G = Mean time per level.
                   A        B        C        D        E       F      G
               +--------+--------+--------+--------+--------+-----+--------+
         Total |   4028 |   3855 |    173 |    350 |   2779 |   5 |  805.6 |
       Dungeon |   4028 |   3855 |    173 |    350 |   2779 |   5 |  805.6 |
               +--------+--------+--------+--------+--------+-----+--------+

Top non-repeatable levels by time:
     D:1: 1229 daAuts
     D:4: 956 daAuts
     D:2: 815 daAuts
     D:3: 612 daAuts
     D:5: 415 daAuts
